 Dungeon Crawl Stone Soup version 0.32-a0-712-g515539a (webtiles) character file.

Game seed: 14007100156363382559

7 busb the Magician (level 1, -1/16 HPs)
             Began as a Vampire Wanderer on Mar 15, 2024.
             Slain by a gnoll
             ... wielding a +0 club
              (7 damage)
             ... on level 1 of the Dungeon.
             The game lasted 00:00:45 (231 turns).

busb the Magician (Vampire Wanderer)                 Turns: 231, Time: 00:00:46

Health: -1/16      AC:  2    Str: 15    XL:     1   Next: 83%
Magic:  5/5        EV: 10    Int: 11    God:
Gold:   38         SH:  0    Dex: 12    Spells: 7/8 levels left

rFire   . . .        a - +3 spear
rCold   . . .        (no shield)
rNeg    . . .        e - +0 robe {Will+}
rPois   .            (no helmet)
rElec   .            (no cloak)
rCorr   .            (no gloves)
SInv    +            (no boots)
Will    +....        (no amulet)
Stlth   +            (no ring)
HPRegen 0.42/turn    (no ring)
MPRegen 0.09/turn

%: no passive effects
@: healing quickly
A: alive, fangs 3, see invisible, vampiric 1
a: Exsanguinate


You were on level 1 of the Dungeon.
You visited 1 branch of the dungeon, and saw 1 of its levels.

You collected 38 gold pieces.

Inventory:

Hand Weapons
 a - a +3 spear (weapon)
Armour
 c - a +0 leather armour
 e - a +0 robe of willpower (worn)
Scrolls
 d - a scroll of identify {unknown}
Potions
 b - a potion of heal wounds


   Skills:
 + Level 2.1 Fighting
 - Level 2.6 Polearms
 - Level 1.0 Armour
 + Level 1.0 Dodging
 - Level 4.0 Spellcasting


You had 7 spell levels left.
You knew the following spells:

 Your Spells              Type           Power      Damage    Failure   Level
a - Foxfire               Conj/Fire      8%         2x1d4     24%         1

Your spell library contained the following spells:

 Spells                   Type           Power      Damage    Failure   Level
 Sandblast                Erth           4%         2d4       24%         1
 Inner Flame              Hex/Fire       2%         N/A       56%         3
 Stone Arrow              Conj/Erth      4%         3d7       56%         3
 Brom's Barrelling Bould  Conj/Erth      2%         2d3       93%         4


Dungeon Overview and Level Annotations

Branches:
Dungeon (1/15)

Altars:


Innate Abilities, Weirdness & Mutations

Your natural rate of healing is accelerated.
You have razor-sharp teeth.
You have supernaturally acute eyesight. (SInv)
You are afflicted with vampirism.


Message History

Found an escape hatch in the floor.
You see here a +0 robe of willpower.
Found a stone staircase leading down.
A frilled lizard comes into view.
The frilled lizard hisses angrily.
You hit the frilled lizard.
You kill the frilled lizard!
No target in view!
You see here a +0 robe of willpower.
e - a +0 robe of willpower You start removing your armour.
You continue removing your +0 leather armour. x4
You finish removing your +0 leather armour.
You start putting on your armour.
You continue putting on your +0 robe of willpower. x5
You finish putting on your +0 robe of willpower.
You feel strong-willed.
A gnoll comes into view. It is wielding a +0 club.
The gnoll shouts!
You hit the gnoll.
The gnoll is lightly wounded.
The gnoll hits you with a +0 club.
You hit the gnoll.
The gnoll is moderately wounded.
The gnoll hits you with a +0 club.
You hit the gnoll. You bite the gnoll.
The gnoll is heavily wounded.
The gnoll barely misses you.
You barely miss the gnoll.
The gnoll is heavily wounded.
The gnoll barely misses you.
You hit the gnoll.
The gnoll is almost dead.
The gnoll hits you with a +0 club!
You are too injured to fight recklessly!
You are too injured to fight recklessly!
You hit the gnoll but do no damage.
The gnoll is almost dead.
The gnoll hits you with a +0 club!
You die...

###########
#.......... ##
........ . .# #
..>.. .##.#.#
####†.# #.#.#.#
#.....####.#...#
#.##...#$..#g#.###
#.....#.@.....+
####..####.^##.###.
#.....# #.........
#.##..# #.###.####
# #..####.###.# #.
#>..........#
#.##.#####.#####
#....##....#
#.......####


You could see a gnoll.

Vanquished Creatures
  2 ball pythons (D:1)
  2 goblins (D:1)
  A frilled lizard (D:1)
  2 rats (D:1)
7 creatures vanquished.

Notes
Turn   | Place    | Note
-------+----------+-------------------------------------------
     0 | D:1      | busb the Vampire Wanderer began the quest for the Orb.
     0 | D:1      | busb set off with the following items: a +3 spear, a potion
                  | of heal wounds, a +0 leather armour; and the following
                  | spell memorised: Foxfire; and the following spells
                  | available to memorise: Inner Flame.
     0 | D:1      | Reached XP level 1. HP: 16/16 MP: 5/5
   152 | D:1      | Reached skill level 1 in Dodging
   231 | D:1      | Slain by a gnoll

Illustrated notes

Levels and vault maps discovered:
D:1:      minmay_arrival_cross, layout_basic

Skill      XL: |  1 |
---------------+----+-----
Fighting       | 2 |  2.1
Dodging        | 1 |  1.0
Polearms       | |  2.6
Armour         | |  1.0
Spellcasting   | |  4.0

Action                     || total
---------------------------++-------
  Melee: Spear             ||    19
         Bite              ||     2
 Armour: Robe              ||     4
         Leather armour    ||     2
  Dodge: Dodged            ||     5

Table legend: (Time is in decaauts)
 A = Elapsed time spent in this place.
 B = Non-inter-level travel time spent in this place.
 C = Inter-level travel time spent in this place.
 D = Time resting spent in this place.
 E = Time spent auto-exploring this place.
 F = Levels seen in this place.
 G = Mean time per level.
                   A        B        C        D        E       F      G
               +--------+--------+--------+--------+--------+-----+--------+
         Total |    230 |    230 |      0 |      0 |    161 |   1 |  230.0 |
       Dungeon |    230 |    230 |      0 |      0 |    161 |   1 |  230.0 |
               +--------+--------+--------+--------+--------+-----+--------+

Top non-repeatable levels by time:
     D:1: 230 daAuts
